 Dungeon Crawl Stone Soup version 0.18-a0-912-g81d1dc4 (webtiles) character file.

11839 st0uf the Spear-Bearer (level 11, -4/95 HPs)
             Began as a Centaur Fighter on Dec 26, 2015.
             Was the Champion of Okawaru.
             Hit by a large rock thrown by a cyclops (32 damage)
             ... on level 11 of the Dungeon.
             The game lasted 01:56:18 (16813 turns).

st0uf the Spear-Bearer (Centaur Fighter)           Turns: 16813, Time: 01:56:18

Health: -4/95      AC: 12    Str: 21    XL:     11   Next: 54%
Magic:  20/20      EV:  9    Int:  7    God:    Okawaru [******]
Gold:   1030       SH: 14    Dex: 10    Spells: 0 memorised, 10 levels left

rFire  . . .     SeeInvis .     a - +1 trident
rCold  . . .     Gourm    .     T - +0 pearl dragon armour
rNeg   + . .     Faith    .     c - +0 shield
rPois  .         Spirit   .     h - +0 helmet
rElec  .         Dismiss  .     (no cloak)
rCorr  .         Reflect  +     (no gloves)
SustAt .         Harm     .     (no barding)
MR     .....                    B - +4 amulet of reflection
Stlth  ..........               (no ring)
                                F - ring of magical power

@: very quick, not resistant to hostile enchantments, extremely unstealthy
A: hooves 3, deformed body, speed 2, tough skin 3
a: Heroism, Finesse, Renounce Religion


You were on level 11 of the Dungeon.
You worshipped Okawaru.
Okawaru was exalted by your worship.
You were not hungry.

You visited 2 branches of the dungeon, and saw 12 of its levels.
You also visited: Ossuary.

You collected 1054 gold pieces.
You spent 24 gold pieces at shops.

Inventory:

Hand Weapons
 a - a +1 trident (weapon)
 y - a +0 shortbow
Missiles
 z - 218 arrows
Armour
 c - a +0 shield (worn)
 h - a +0 helmet (worn)
 A - the +5 ring mail "Foojutwi" {Regen+}
   (You found it on level 5 of the Dungeon)

   It increases your rate of regeneration.
 T - a +0 pearl dragon armour (worn)
Jewellery
 m - an uncursed amulet of dismissal
 B - a +4 amulet of reflection (around neck)
 F - a ring of magical power (left hand)
 N - an uncursed ring of magical power
Wands
 j - a wand of magic darts (21/48)
 r - a wand of slowing (6/48)
 s - a wand of slowing (29/48)
 t - a wand of teleportation (0/9)
 D - a wand of polymorph (5/24)
 K - a wand of lightning (7/15)
 V - a wand of digging (13/24)
 X - a wand of lightning (8/15)
 Z - a wand of heal wounds (3/9)
Scrolls
 b - 2 scrolls of magic mapping
 e - 7 scrolls of remove curse
 g - a scroll of enchant weapon
 n - a scroll of immolation {unknown}
 o - 5 scrolls of identify
 p - 2 scrolls of teleportation
 q - 3 scrolls of amnesia
 u - a scroll of blinking
 v - a scroll of enchant armour
 C - a scroll of recharging {unknown}
 E - 4 scrolls of fear {unknown}
 G - 2 scrolls of holy word {unknown}
 Y - a scroll of brand weapon {unknown}
Potions
 d - 4 potions of might
 k - 5 potions of curing
 l - 2 potions of heal wounds
 w - 2 potions of degeneration {unknown}
 I - a potion of brilliance {unknown}
 O - 2 potions of ambrosia {unknown}
 P - a potion of mutation {unknown}
 Q - a potion of cancellation {unknown}
 R - a potion of magic {unknown}
 W - 2 potions of lignification {unknown}
Comestibles
 f - 9 bread rations
 i - 7 chunks of flesh


   Skills:
 + Level 8.3 Fighting
 + Level 8.7 Polearms
 + Level 2.4 Bows
 + Level 6.2 Armour
 + Level 5.9 Dodging
 + Level 7.1 Shields
 + Level 0.2 Invocations


You had 10 spell levels left.
You didn't know any spells.

Dungeon Overview and Level Annotations

Branches:
Dungeon (11/15)            Temple (0/1) D:6            Lair (1/8) D:11
    Orc (0/2) D:11

Altars:
Elyvilon
Fedhas
Kikubaaqudgha
Makhleb
Okawaru
Pakellas
Vehumet
The Shining One

Shops:
D:4 =   D:6 *


Innate Abilities, Weirdness & Mutations

You have hooves in place of feet.
Armour fits poorly on your strangely shaped body.
You cover ground very quickly.
You have extremely tough skin (AC +3).


Message History

The blink frog is almost dead.
The blink frog hits you.
* * * LOW HITPOINT WARNING * * *
You puncture the blink frog!
You kill the blink frog!
Okawaru accepts your kill.
You see here a blink frog corpse.
You butcher the blink frog corpse.
i - 11 chunks of flesh (gained 4)
There is a staircase to the Lair, spattered with blood here.
You start resting.
Eating one of 11 chunks of flesh.
This raw flesh tastes terrible.
You continue eating. x2
Some of the chunks of flesh in your inventory have rotted away.
A cyclops comes into view.
The cyclops shouts!
The cyclops throws a large rock.
The large rock hits you!
* * * LOW HITPOINT WARNING * * *
The cyclops throws a large rock.
The large rock hits you!!
You die...

..<.......................#..##.#
............................##.>#
..................>...).........#
......#........................##
.....###..C....................#
......#.........≈≈≈.........##.#
#.............≈≈≈≈.§.........###
.............§≈≈..≈≈§........####
..............≈(@§≈§............#
.............≈≈≈§≈§...........###
.>...........§≈≈§≈§........####
...............≈§≈..........#
............................#
............................##
.............................#
..........................#.##
..........................###


You could see a cyclops.

Vanquished Creatures
  Pikel (D:6)
  2 hill giants
  2 spiny frogs (Lair:1)
  2 komodo dragons (Lair:1)
  A fire drake (D:11)
  A blink frog (D:11)
  11 yaks
  A wyvern (D:10)
  The ghost of st0uf the Shield-Bearer, an amateur HOFi of Fedhas (D:3)
  Eustachio (D:6)
  Grum (D:8)
  2 wolves (D:8)
  2 hungry ghosts
  Edmund (D:4)
  2 vampire mosquitoes (D:10)
  A hippogriff (D:11)
  A porcupine (Lair:1)
  2 orc warriors
  An ice beast (D:5)
  3 black bears
  4 phantoms
  A sky beast (D:7)
  A necrophage (D:8)
  5 ogres
  A centaur (D:5)
  4 crocodiles
  An elf zombie (Ossuary)
  4 big kobolds (D:6)
  5 giant frogs
  2 jellies (D:8)
  2 scorpions
  A wyvern skeleton (D:6)
  7 killer bees
  3 electric eels (D:6)
  12 wights
  A quasit (D:8)
  A centaur zombie (Ossuary)
  7 crimson imps
  7 orc priests
  7 hounds
  A human zombie (Ossuary)
  6 iguanas
  2 giant frog skeletons
  2 centaur skeletons
  Natasha (thrice) (D:3)
  7 worker ants
  A killer bee zombie (D:7)
  7 orc wizards
  3 big kobold zombies (Ossuary)
  2 mummies (Ossuary)
  A hound skeleton (D:4)
  A worker ant zombie (D:8)
  9 adders
  9 gnolls
  A shadow imp (D:8)
  3 oozes
  6 worms
  3 adder skeletons
  4 giant geckos
  43 orcs
  2 ball pythons
  5 goblins
  8 hobgoblins
  9 quokkas
  7 bats
  5 giant cockroaches
  4 giant newts
  2 gnoll zombies (Ossuary)
  4 goblin zombies
  2 hobgoblin zombies (Ossuary)
  8 jackals
  2 jackal skeletons (D:4)
  47 kobolds
  An orc zombie (Ossuary)
  A quokka zombie (D:6)
  7 rats
343 creatures vanquished.

Vanquished Creatures (others)
  A slave (D:7)
  A centaur (D:7)
  4 fungi (Lair:1)
  2 plants (Lair:1)
8 creatures vanquished.

Grand Total: 351 creatures vanquished

Notes
Turn   | Place    | Note
--------------------------------------------------------------
     0 | D:1      | st0uf the Centaur Fighter began the quest for the Orb.
     0 | D:1      | Reached XP level 1. HP: 19/19 MP: 1/1
   319 | D:1      | Reached XP level 2. HP: 26/26 MP: 2/2
   991 | D:2      | Reached XP level 3. HP: 31/31 MP: 3/3
  1663 | D:2      | Reached XP level 4. HP: 22/38 MP: 4/4
  1869 | D:3      | Noticed st0uf's ghost (amateur HOFi)
  2268 | D:3      | Noticed Natasha
  2279 | D:3      | Killed Natasha
  2309 | D:3      | Noticed Natasha
  2328 | D:3      | Killed Natasha
  2337 | D:3      | Noticed Natasha
  2342 | D:3      | Killed Natasha
  2342 | D:3      | Reached XP level 5. HP: 20/46 MP: 5/5
  2738 | D:3      | Killed st0uf's ghost
  2738 | D:3      | Reached skill level 1 in Dodging
  2738 | D:3      | Reached XP level 6. HP: 52/52 MP: 6/6
  2766 | D:3      | Found an iron altar of Okawaru.
  2780 | D:3      | Became a worshipper of Warmaster Okawaru
  3230 | D:4      | Found Hiuc's Jewellery Boutique.
  3400 | D:4      | Noticed Edmund
  3614 | D:4      | Reached skill level 4 in Fighting
  4299 | D:4      | Killed Edmund
  4299 | D:4      | Reached * piety under Okawaru
  4299 | D:4      | Reached XP level 7. HP: 59/59 MP: 7/7
  5214 | D:5      | Entered Level 5 of the Dungeon
  5384 | D:4      | Reached ** piety under Okawaru
  5384 | D:4      | Reached XP level 8. HP: 67/67 MP: 8/8
  5422 | D:5      | HP: 2/67 [orc priest/divine providence (13)]
  5774 | D:4      | Reached skill level 5 in Fighting
  6347 | D:5      | Reached skill level 5 in Polearms
  6499 | D:5      | Got an ominously black robe
  6502 | D:5      | Identified the +0 robe of Lifelessness {rN+ Dex+4} (You found it on level 5 of the Dungeon)
  6836 | D:5      | Found a radiant altar of Vehumet.
  6861 | D:5      | Got a fine ring mail
  6862 | D:5      | Identified the +5 ring mail "Foojutwi" {Regen+} (You found it on level 5 of the Dungeon)
  7220 | D:6      | Found a burning altar of Makhleb.
  7252 | D:6      | Found a sand-covered staircase.
  7268 | Ossuary  | Entered an ossuary
  7561 | D:6      | Found an ancient bone altar of Kikubaaqudgha.
  7561 | D:6      | Noticed a hill giant
  7774 | D:6      | Killed a hill giant
  7774 | D:6      | Reached *** piety under Okawaru
  7774 | D:6      | Reached skill level 6 in Polearms
  7774 | D:6      | Reached XP level 9. HP: 73/75 MP: 9/9
  7893 | D:6      | Found Bufar's Assorted Antiques.
  7896 | D:6      | Bought a scroll labeled NOIMORE PEOX for 24 gold pieces
  8351 | D:6      | Reached skill level 1 in Bows
  8510 | D:6      | Found a staircase to the Ecumenical Temple.
  8618 | D:6      | Noticed Eustachio
  8729 | D:6      | Killed Eustachio
  9177 | D:6      | Reached skill level 5 in Armour
  9227 | D:6      | Reached **** piety under Okawaru
  9323 | D:6      | Reached skill level 5 in Shields
  9631 | D:6      | Received a gift from Okawaru
  9910 | D:7      | Noticed Pikel
 10161 | D:6      | Killed Pikel
 10161 | D:6      | Reached skill level 7 in Polearms
 10161 | D:6      | Reached XP level 10. HP: 84/84 MP: 10/10
 10405 | D:6      | Reached ***** piety under Okawaru
 10676 | D:7      | Found a glowing golden altar of the Shining One.
 11050 | D:8      | Noticed Grum
 11097 | D:8      | Killed Grum
 11108 | D:8      | Reached skill level 5 in Dodging
 11533 | D:8      | Found a blossoming altar of Fedhas.
 11926 | D:8      | Found a white marble altar of Elyvilon.
 11931 | D:8      | Found an oddly glowing altar of Pakellas.
 12722 | D:9      | Reached skill level 8 in Polearms
 12859 | D:10     | Entered Level 10 of the Dungeon
 13079 | D:10     | Got a crude ring mail
 13080 | D:10     | Identified the +1 ring mail "Haurgh" {rPois rC- Regen+ Int+3} (You found it on level 10 of the Dungeon)
 13193 | D:10     | Noticed a hill giant
 13282 | D:10     | Killed a hill giant
 13282 | D:10     | Reached XP level 11. HP: 92/92 MP: 11/11
 14132 | D:10     | Reached ****** piety under Okawaru
 14132 | D:10     | Received a gift from Okawaru
 14788 | D:11     | Found a staircase to the Lair.
 15041 | D:11     | Found a staircase to the Orcish Mines.
 15579 | Lair:1   | Entered Level 1 of the Lair of Beasts
 16392 | Lair:1   | Received a gift from Okawaru
 16571 | Lair:1   | Got a translucent dagger {god gift}
 16572 | Lair:1   | Identified the +6 dagger of Omeucw {antimagic, +Blink +Fly Dex+3} (Okawaru gifted it to you on level 1 of the Lair of Beasts)
 16813 | D:11     | Hit by a large rock thrown by a cyclops

Vault maps used:
D:1:      mainiacjoe_arrival_reflecting_pool
D:3:      first_bread, hangedman_decor_push, okawaru_ov_weapons_minmay,
          uniq_natasha
D:4:      serial_shops, shop_statue, cheibrodos_gnoll_hut, uniq_edmund
D:5:      basic_altar
D:6:      minmay_goblin_kobold_castle, minmay_temple_entry_statues_fountains,
          serial_shops, nicolae_shop_trees, enter_ossuary_4, hex_intersection,
          hangedman_feature_mirror, uniq_eustachio
D:7:      solitary_fountain, tso_metal_star, uniq_pikel
D:8:      minitemple, hangedman_tree_tricks, uniq_grum
D:11:     minmay_lair_entry_lava, orc_0_dummy
Lair:1:   dpeg_oklob_gauntlet, grunt_forest_stairs_basic
Ossuary:  minmay_ossuary_gauntlet

Action                   |  1- 3 |  4- 6 |  7- 9 | 10-12 || total
-------------------------+-------+-------+-------+-------++-------
Melee: Trident           |   142 |   289 |   950 |  1014 ||  2395
 Fire: Shortbow          |       |       |    45 |       ||    45
Invok: Heroism           |       |       |       |     1 ||     1
  Use: Scroll            |       |       |     6 |     9 ||    15
       Potion            |       |       |       |     5 ||     5
  Eat: Chunk             |     1 |     6 |    17 |    21 ||    45
       Beef jerky        |       |     1 |       |       ||     1
